 Dungeon Crawl Stone Soup version 0.18.1-50-g88ac8fd (webtiles) character file.

5378 Galewin the Severer (level 10, -1/77 HPs)
             Began as a Minotaur Berserker on Sept 27, 2016.
             Was a High Priest of Trog.
             Slain by Erolcha
             ... wielding a +0 giant club
              (28 damage)
             ... on level 9 of the Dungeon.
             The game lasted 00:17:05 (6316 turns).

Galewin the Severer (Minotaur Berserker)            Turns: 6316, Time: 00:17:06

Health: -1/77      AC: 12    Str: 26    XL:     10   Next: 39%
Magic:  3/3        EV: 12    Int:  4    God:    Trog [*****.]
Gold:   469        SH:  0    Dex:  9    Spells: 0 memorised, 9 levels left

rFire  . . .     SeeInvis .     B - +2 battleaxe (antimagic)
rCold  . . .     Gourm    .     e - +0 chain mail
rNeg   . . .     Faith    .     (shield currently unavailable)
rPois  .         Spirit   .     (helmet restricted)
rElec  .         Dismiss  .     k - +1 cloak
rCorr  .         Reflect  .     (no gloves)
SustAt .         Harm     .     a - +0 pair of boots
MR     ++...                    (no amulet)
Stlth  ..........               C - +3 ring of evasion
                                p - ring of stealth

@: regenerating, very resistant to hostile enchantments, extremely unstealthy
A: retaliatory headbutt, horns 2
a: Berserk, Trog's Hand, Brothers in Arms, Burn Spellbooks, Renounce Religion


You were on level 9 of the Dungeon.
You worshipped Trog.
Trog was extremely pleased with you.
You were not hungry.

You visited 1 branch of the dungeon, and saw 9 of its levels.
You also visited: Sewer.

You collected 469 gold pieces.

Inventory:

Hand Weapons
 B - a +2 antimagic battleaxe (weapon)
Armour
 a - a +0 pair of boots (worn)
 e - a +0 chain mail (worn)
 k - a +1 cloak (worn)
Jewellery
 p - a ring of stealth (left hand)
 z - the ring "Qoecocw" {+Blink Dex+2 Stlth-, unknown}
   (You found it on level 9 of the Dungeon)

   [ring of loudness]

   It affects your dexterity (+2).
   It lets you blink.
   It makes you less stealthy.
 C - a +3 ring of evasion (right hand)
Wands
 s - a wand of acid (4/15)
 w - a wand of paralysis (10/24)
Scrolls
 d - 2 scrolls of noise {unknown}
 f - 3 scrolls of recharging
 g - a scroll of fear {unknown}
 h - a scroll of magic mapping {unknown}
 n - 2 scrolls of random uselessness {unknown}
 t - a scroll of holy word {unknown}
 x - a scroll of summoning {unknown}
 y - a scroll of blinking {unknown}
 A - 2 scrolls of teleportation
 D - 3 scrolls of remove curse
Potions
 i - 3 potions of might {unknown}
 j - 7 potions of curing
 l - 2 potions of resistance {unknown}
 m - 3 potions of heal wounds {unknown}
 o - a potion of cure mutation {unknown}
 q - a potion of ambrosia {unknown}
 r - a potion of degeneration {unknown}
 u - a potion of flight {unknown}
 v - 2 potions of agility {unknown}
Comestibles
 b - 4 meat rations
 c - 3 bread rations


   Skills:
 - Level 3.6 Fighting
 * Level 17.3 Axes
 - Level 2.4 Armour
 - Level 2.1 Dodging


You had 9 spell levels left.
You didn't know any spells.

Dungeon Overview and Level Annotations

Branches:
Dungeon (9/15)             Temple (0/1) D:6            Lair (0/8) D:9
    Orc: D:9-12

Altars:
Elyvilon
Gozag
Okawaru
Pakellas
Qazlal
Sif Muna
Xom
Yredelemnul

Annotations:
D:9 Erolcha


Innate Abilities, Weirdness & Mutations

You reflexively headbutt those who attack you in melee.
You have a pair of horns on your head.


Message History

The plant is moderately damaged.
You barely miss something. Your headbutt misses something.
You slash the fungus!
The fungus is almost destroyed.
You hit the plant but do no damage.
The plant is almost destroyed.
You slash the plant!
The plant is heavily damaged.
Something hits you!
You miss something. You slash the fungus!
You destroy the fungus!
You hit the plant but do no damage.
The plant is almost destroyed.
You hit the plant.
The plant is heavily damaged.
Something hits you!!
Your skin crawls.
You feel resistant to hostile enchantments.
You feel slightly more hungry. Something hits you!!
You die...

.P...PPP..P....## #...
...PPPP.PP.P..P..# #...
...PPP.P..P.P..P.# ##...
PP.PP.PP..PP.P....##....
PP....P..P.PP.P.P.##....
PPP.PPP>....P...P..#....
.PP..P.P....PP.....#....
PPP.P..P†...PPP.........
.P..PP.@.P..PPP.........
..PPPP{.P.PPP.....####†.
...PP..PP.PP..P..# #..
..P...PP.PP...... #..
...........P.#... #..
......P.P..###... #..
.....####.## ..#####..
..... .. .........
#.......


There were no monsters in sight!

Vanquished Creatures
  Pikel (D:5)
  The ghost of Lovchig the Covered, a novice MiFi (D:6)
  A sky beast (D:5)
  A yak (D:9)
  A water moccasin (D:8)
  2 ice beasts
  A slave (D:5)
  A phantom (D:8)
  2 eyes of draining (D:8)
  5 ogres
  2 centaurs
  A crocodile (D:9)
  16 big kobolds
  3 giant frogs
  A scorpion (D:5)
  A water moccasin skeleton (D:6)
  3 killer bees (D:7)
  3 howler monkeys (D:8)
  7 crimson imps
  A gnoll shaman (D:4)
  3 jellies
  A giant frog skeleton (D:5)
  4 orc priests
  Crazy Yiuf (D:5)
  3 hounds
  5 orc wizards
  3 centaur skeletons
  An iguana (D:8)
  6 worker ants
  2 killer bee zombies
  3 gnolls (D:4)
  8 river rats
  10 adders
  A howler monkey skeleton (D:4)
  2 shadow imps
  2 oozes
  An adder skeleton (D:4)
  2 worms
  4 dart slugs
  9 giant geckos
  25 orcs
  8 ball pythons
  14 bats
  6 giant cockroaches
  7 goblins
  5 hobgoblins
  8 jackals
  3 quokkas
  5 giant newts
  2 jackal skeletons
  34 kobolds
  31 rats
  6 fungi (D:9)
  3 plants (D:9)
282 creatures vanquished.

Vanquished Creatures (collateral kills)
  A phantom (D:7)
1 creature vanquished.

Vanquished Creatures (others)
  A slave (D:5)
  A jackal (D:5)
  A fungus (D:9)
3 creatures vanquished.

Grand Total: 286 creatures vanquished

Notes
Turn   | Place    | Note
--------------------------------------------------------------
     0 | D:1      | Galewin the Minotaur Berserker began the quest for the Orb.
     0 | D:1      | Reached XP level 1. HP: 19/19 MP: 0/0
    53 | D:1      | Reached skill level 4 in Axes
    90 | D:1      | Reached XP level 2. HP: 26/26 MP: 1/1
   175 | D:1      | Reached ** piety under Trog
   197 | D:1      | Reached skill level 5 in Axes
   239 | D:1      | Reached XP level 3. HP: 28/31 MP: 2/2
   531 | D:2      | Reached skill level 6 in Axes
   531 | D:2      | Reached XP level 4. HP: 38/39 MP: 3/3
   957 | D:2      | You fall through a shaft for 2 floors!
   988 | D:4      | Reached XP level 5. HP: 43/45 MP: 4/4
   988 | D:4      | Reached skill level 7 in Axes
  1132 | D:3      | Reached *** piety under Trog
  1187 | D:2      | Found a shimmering altar of Xom.
  1187 | D:2      | Found a shimmering altar of Xom.
  1249 | D:3      | Reached skill level 8 in Axes
  1812 | D:4      | Reached XP level 6. HP: 51/51 MP: 5/5
  1858 | D:4      | Found a white marble altar of Elyvilon.
  1983 | D:4      | Reached skill level 9 in Axes
  2395 | D:5      | Entered Level 5 of the Dungeon
  2427 | D:5      | Found an opulent altar of Gozag.
  2432 | D:5      | Reached XP level 7. HP: 57/57 MP: 6/6
  2436 | D:5      | Reached skill level 10 in Axes
  2492 | D:5      | Found a glowing drain.
  2505 | Sewer    | Entered a sewer
  2543 | Sewer    | Reached **** piety under Trog
  2631 | Sewer    | Reached skill level 11 in Axes
  2732 | Sewer    | Reached ***** piety under Trog
  3179 | D:5      | Noticed Pikel
  3191 | D:5      | Killed Pikel
  3191 | D:5      | Reached skill level 12 in Axes
  3191 | D:5      | Reached XP level 8. HP: 48/64 MP: 7/7
  3343 | D:5      | Found an oddly glowing altar of Pakellas.
  3564 | D:5      | Noticed Crazy Yiuf
  3571 | D:5      | Killed Crazy Yiuf
  3731 | D:6      | Reached skill level 13 in Axes
  3770 | D:6      | Found a staircase to the Ecumenical Temple.
  3813 | D:6      | Noticed Lovchig's ghost (novice MiFi)
  3824 | D:6      | Killed Lovchig's ghost
  3838 | D:6      | Reached XP level 9. HP: 58/70 MP: 8/8
  3948 | D:6      | Reached skill level 14 in Axes
  4573 | D:7      | Found a basalt altar of Yredelemnul.
  4585 | D:7      | Found a deep blue altar of Sif Muna.
  4709 | D:7      | Reached skill level 15 in Axes
  5143 | D:7      | Found an iron altar of Okawaru.
  5248 | D:7      | Received a gift from Trog
  5317 | D:7      | Received a gift from Trog
  5605 | D:8      | Found a stormy altar of Qazlal.
  5765 | D:8      | Reached skill level 16 in Axes
  5922 | D:8      | Reached XP level 10. HP: 47/77 MP: 3/9
  6008 | D:8      | Reached skill level 17 in Axes
  6044 | D:8      | Found a shimmering altar of Xom.
  6209 | D:9      | Got a shimmering platinum ring
  6260 | D:9      | Found a staircase to the Lair.
  6284 | D:9      | Noticed Erolcha
  6308 | D:9      | Paralysed by something for 4 turns
  6316 | D:9      | Slain by Erolcha

Skill      XL: |  1  2  3  4  5  6  7  8  9 10 |
---------------+-------------------------------+-----
Axes           | 4 5 6 8 9 12 13 16 17 | 17.3
Fighting       | |  3.6
Armour         | |  2.4
Dodging        | |  2.1

Action                   |  1- 3 |  4- 6 |  7- 9 | 10-12 || total
-------------------------+-------+-------+-------+-------++-------
Melee: Hand axe          |    76 |   105 |   274 |       ||   455
       Headbutt          |    12 |    20 |    52 |    20 ||   104
       Battleaxe         |       |       |    68 |    86 ||   154
Invok: Berserk           |       |     3 |     5 |       ||     8
       Burn Spellbooks   |       |       |     2 |       ||     2
       Brothers in Arms  |       |       |     1 |       ||     1
       Trog's Hand       |       |       |       |     1 ||     1
  Use: Scroll            |       |     5 |     5 |       ||    10
  Eat: Chunk             |       |     7 |    11 |     2 ||    20
       Bread ration      |       |       |     1 |       ||     1
       Royal jelly       |       |       |     1 |       ||     1
Armor: Chain mail        |    51 |    62 |   124 |    38 ||   275
       Animal skin       |     1 |       |       |       ||     1
Dodge: Dodged            |    43 |    37 |   140 |    53 ||   273
